[Event "Early-Titled-Tuesday-Blitz-April-23-2024"]
[Site "Chess.com"]
[Date "2024.04.23"]
[Round "3"]
[White "Fh2411"]
[Black "JiiHart"]
[Result "1-0"]
[WhiteElo "2565"]
[BlackElo "2180"]
[TimeControl "180+1"]
[EndTime "8:30:03 PDT"]
[Termination "Fh2411 won on time"]

1. d4 d5 2. c4 c5 3. cxd5 Qxd5 4. Nf3 cxd4 5. Qxd4 Qxd4 6. Nxd4 a6 7. Nc3 Nf6 8.
Bg5 e6 9. e3 Bb4 10. Bxf6 gxf6 11. Rc1 Bd7 12. a3 Be7 13. Be2 Nc6 14. Nb3 f5 15. g3 O-O 16. O-O Rfd8 17. Rfd1 Be8 18. Bf3 Rac8 19. h4 b5 20. Ne2 Rxd1+ 21. Rxd1 Ne5 22.
Bb7 Rc2 23. Rd2 Rc7 24. Bg2 Nc4 25. Rc2 Bf6 26. Na5 Rd7 27. Nxc4 bxc4 28. Nc3 Rd3 29. Bf1 Rd8 30. Bxc4 a5 31. Be2 Rb8 32. Bc4 Bc6 33. b3 Be4 34. Nxe4 fxe4 35. Rd2 Be7 36. Rd4 Bxa3 37. Rxe4 Rd8 38. Rg4+ Kf8 39. Rf4 Rd1+ 40. Kg2 Bd6 41. Rg4 Bc5 42. Rg5 Bb6 43. Rb5 Bd8 44. Kf3 Rd2 45. Rb7 Rb2 46. h5 Be7 47. e4 Bb4 48. Rb8+ Kg7 49. Rb7 a4 50. bxa4 1-0

[Event "Early-Titled-Tuesday-Blitz-April-23-2024"]
[Site "Chess.com"]
[Date "2024.04.23"]
[Round "3"]
[White "wadsy27"]
[Black "FXDon77"]
[Result "1-0"]
[WhiteElo "2623"]
[BlackElo "2839"]
[TimeControl "180+1"]
[EndTime "8:30:04 PDT"]
[Termination "wadsy27 won by resignation"]

1. Nf3 d5 2. g3 Nd7 3. d4 Nb6 4. Nbd2 Bf5 5. Nh4 Bg4 6. h3 Bh5 7. Ng2 f6 8. Nf4 Bf7 9. Nd3 e6 10. Bg2 g6 11. O-O Bg7 12. c3 Ne7 13. e4 c6 14. Re1 Qc7 15. exd5 cxd5 16. h4 O-O 17. Nf3 Nc6 18. Bf4 Qc8 19. Bh3 Re8 20. Rc1 h6 21. b3 g5 22. hxg5 hxg5 23. Bxg5 fxg5 24. Nxg5 Qc7 25.
Nxe6 Qd6 26. Ndf4 Nd8 27. Nxg7 Kxg7 28. Qg4+ Kf8 29. Rxe8+ Bxe8 30. Qf5+ Bf7 31. Re1 Qh6 32. Bg4 Rc8 33. Nxd5 Rc6 34. Nxb6 axb6 35. Qd7 Rd6 36. Qe7+ Kg8 37. Re5 Nc6 38. Qg5+ Qxg5 39. Rxg5+ Kf8 40. Bf3 Bg6 41. Rb5 Nd8 42. Kg2 Bb1 43. a4 Bd3 44.
Rb4 Ke7 45. g4 Ne6 46. Bxb7 Nf4+ 47. Kf3 Rf6 48. g5 Rf8 49. Ke3 Kd6 50. Rxb6+ Kc7 51. Rf6 Re8+ 52. Kxf4 Kxb7 53. g6 Rg8 54. Rf7+ Kc6 55. g7 Bc2 56. b4 Bxa4 57. Kg5 Bb3 58. Re7 Kd6 59. Ra7 Rc8 60. f4 Rxc3 61. f5 Rg3+ 62. Kh4 Rf3 63. Kg4 Rf1 64. f6 Rxf6 65.
Ra6+ Kd7 66. Rxf6 1-0

[Event "Early-Titled-Tuesday-Blitz-April-23-2024"]
[Site "Chess.com"]
[Date "2024.04.23"]
[Round "3"]
[White "Yonousomodulo"]
[Black "biveklama"]
[Result "1/2-1/2"]
[WhiteElo "2395"]
[BlackElo "2607"]
[TimeControl "180+1"]
[EndTime "8:30:04 PDT"]
[Termination "Game drawn - insufficient material"]

1. c4 c6 2. Nf3 d5 3. b3 Nf6 4.
g3 Bf5 5. Bg2 e6 6. O-O h6 7. Bb2 Nbd7 8. d3 Be7 9. Nbd2 O-O 10. a3 a5 11. Ra2 Bh7 12. Qa1 b5 13.
cxb5 cxb5 14. Rc1 Rc8 15. Ne5 Nxe5 16. Bxe5 Qd7 17. Rac2 Rxc2 18. Rxc2 Rc8 19. Rxc8+ Qxc8 20. Qb2 Ne8 21. Nf3 f6 22. Bc3 b4 23. axb4 axb4 24.
Bd2 Bg6 25. Bh3 Bf7 26. Nd4 f5 27. Qc2 Qb7 28. Qc6 Nd6 29. Qxb7 Nxb7 30. Nc6 Bf8 31. d4 Bh5 32. Bf1 Be8 33. Nxb4 Na5 34. Nxd5 Nxb3 35. Nc7 Nxd2 36. Nxe8 Kf7 37. Nc7 Bd6 38. Nb5 Bb8 39. e3 Ne4 40. Bd3 Nd6 41. Nc3 Bc7 42. Kf1 Ba5 43.
Ne2 Kf6 44. Nf4 g5 45. Ne2 Bd2 46. h3 Bb4 47. Kg2 e5 48. dxe5+ Kxe5 49. Nd4 Bc3 50. Nf3+ Kf6 51. g4 f4 52. exf4 gxf4 53. h4 Nf7 54.
Kf1 Ne5 55. g5+ hxg5 56. hxg5+ Kg7 57. Ke2 Nxf3 58. Kxf3 Bd4 59. Kxf4 Bxf2 60. Kg4 Be3 61. Kh5 Bd2 62. Kg4 Bc1 63. Kh5 Bb2 64. Kg4 Ba3 65. Kh5 Bb4 66. Kg4 Ba5 67. Kh5 Bb6 68. Kg4 Ba7 69. Kh5 Bb8 70. Kg4 Bc7 71. Kh5 Bd8 72. Kg4 Be7 73. Kh5 Bf8 74. Kg4 Ba3 75. Kh5 Bc1 76. Kg4 Bxg5 1/2-1/2

[Event "Early-Titled-Tuesday-Blitz-April-23-2024"]
[Site "Chess.com"]
[Date "2024.04.23"]
[Round "3"]
[White "LLariMarc"]
[Black "UmarovSabir"]
[Result "1/2-1/2"]
[WhiteElo "2485"]
[BlackElo "2294"]
[TimeControl "180+1"]
[EndTime "8:30:05 PDT"]
[Termination "Game drawn - insufficient material"]

1. d4 c6 2. Nf3 g6 3. Bf4 Bg7 4. e3 Qb6 5. b3 d5 6. c4 Bg4 7.
Be2 dxc4 8. bxc4 Bxf3 9. Bxf3 Nd7 10. O-O e5 11. Bg3 exd4 12. exd4 Bxd4 13. Re1+ Kf8 14. Bd6+ Kg7 15. c5 Bxc5 16. Bxc5 Nxc5 17. Nc3 Nf6 18. Rb1 Qa5 19. Qd4 Rhd8 20. Qe3 Re8 21. Qd2 Rad8 22. Qc2 Rxe1+ 23. Rxe1 Na4 24. Rc1 Qxc3 25.
Qxc3 Nxc3 26. Rxc3 Rd7 27. h4 h5 28. a4 Nd5 29. Rc5 Kf6 30. a5 Ke6 31. a6 Kd6 32.
axb7 Rxb7 33. Ra5 Nb4 34. Kh2 Rc7 35. Kg3 c5 36. Ra4 Ke5 37. Be2 Kd4 38. Kf4 Kc3 39.
Ra3+ Kb2 40. Ra5 Nd5+ 41. Ke5 Nb6 42. Rb5+ Kc3 43. Kd6 Rc8 44. Rxc5+ Rxc5 45. Kxc5 Kd2 46. Bb5 Ke1 47. f4 Kf2 48. Be8 Kxg2 49. Bxf7 Kg3 50.
Bxg6 Kxh4 51. f5 Kg5 52. Kd6 h4 53. Be8 h3 54. Ke6 h2 55. Bc6 Nc8 56. f6 Nd6 57. Kxd6 Kxf6 58. Kc5 a5 59. Kb5 Ke5 60. Bh1 Kd6 61.
Kxa5 Ke5 62. Kb4 Kf4 63. Kc3 Kg3 64. Kd2 Kf2 65. Be4 Kg1 66. Ke2 h1=Q 67. Bxh1 1/2-1/2

[Event "Early-Titled-Tuesday-Blitz-April-23-2024"]
[Site "Chess.com"]
[Date "2024.04.23"]
[Round "3"]
[White "WindWhistler11"]
[Black "KorolDimitriy75"]
[Result "1-0"]
[WhiteElo "2519"]
[BlackElo "2324"]
[TimeControl "180+1"]
[EndTime "8:30:06 PDT"]
[Termination "WindWhistler11 won on time"]

1. Nf3 c5 2. g3 g6 3. Bg2 Bg7 4. O-O Nc6 5. c4 Nh6 6. a3 Nf5 7. Nc3 h5 8. h4 a6 9. Re1 Rb8 10. b4 cxb4 11. axb4 b5 12. cxb5 axb5 13. Qb3 O-O 14.
e3 e6 15. Bb2 d5 16. Bf1 Nd6 17. d3 Bd7 18. Ra6 Qc7 19. Rea1 Qb7 20. d4 Nc4 21. Ne1 Rfc8 22. Nd3 Be8 23. Nc5 Qe7 24.
Ne2 g5 25. hxg5 Qxg5 26. Bc1 h4 27. e4 Qh5 28. Nf4 Qh7 29. exd5 Nxd4 30. Qd1 hxg3 31. fxg3 Nf5 32. dxe6 Nxg3 33. exf7+ Bxf7 34. Qf3 Nf5 35. Bd3 Rd8 36. Nfe6 Bxe6 37. Nxe6 Qg6+ 38. Ng5 Bf6 39. Qxf5 Qxf5 40. Bxf5 Bxa1 41. Rxa1 Rd1+ 42. Kg2 Rf8 43. Be6+ Kg7 44. Bxc4 bxc4 45. Bb2+ Kg6 46. Rxd1 Kxg5 47. Rd5+ Kg4 48. Rd4+ Kf5 49. Rxc4 Rb8 50. Bc3 Ke6 51. Rc5 Kd6 52. Kf3 Rb7 53. Ke3 Re7+ 54. Kd3 Rb7 55. Kc4 Kd7 56. b5 Rb6 57. Bd4 Rh6 58. Rg5 Rh7 59.
Rg7+ Rxg7 60. Bxg7 Kc7 61. Bd4 Kb7 62. Kc5 Kb8 63.
b6 Kb7 64. Kb5 Kb8 65. Kc6 Ka8 66. b7+ Kb8 67. Be5+ 1-0

[Event "Early-Titled-Tuesday-Blitz-April-23-2024"]
[Site "Chess.com"]
[Date "2024.04.23"]
[Round "3"]
[White "KnightDuta"]
[Black "wonderfultime"]
[Result "0-1"]
[WhiteElo "2769"]
[BlackElo "3061"]
[TimeControl "180+1"]
[EndTime "8:30:08 PDT"]
[Termination "wonderfultime won on time"]

1. e4 e5 2. Nf3 Nc6 3. Bc4 Bc5 4.
O-O d6 5. c3 Nf6 6. d3 a6 7.
Bb3 Ba7 8. Nbd2 O-O 9. h3 Be6 10. Bc2 d5 11. exd5 Bxd5 12. Re1 Re8 13. Nf1 e4 14. dxe4 Bxe4 15. Bxe4 Nxe4 16. Be3 Bc5 17. Qc2 Bd6 18. N1d2 Nxd2 19. Bxd2 h6 20. Rxe8+ Qxe8 21. Re1 Qd7 22. Qe4 Rd8 23. Bf4 Bc5 24. Ne5 Nxe5 25. Qxe5 Bb6 26. Qe4 c6 27. Qb4 Ba7 28. Be3 Bb8 29.
Bb6 Qd2 30. Qe4 Rd5 31. Qe8+ Kh7 32. g3 Bd6 33. Bd4 Bc5 34. Re2 Qd1+ 35. Re1 Qf3 36. Qe4+ Qxe4 37. Rxe4 Bxd4 38. Rxd4 Rxd4 39. cxd4 Kg6 40. f3 Kf6 41. Kf2 Ke6 42. Ke3 Kd5 43. Kd3 h5 44. b4 g5 45. h4 f6 46. a3 b6 47. a4 a5 48. bxa5 bxa5 49. Kc3 f5 50.
hxg5 f4 0-1

[Event "Early-Titled-Tuesday-Blitz-April-23-2024"]
[Site "Chess.com"]
[Date "2024.04.23"]
[Round "3"]
[White "chess123456s"]
[Black "viktorgen2021"]
[Result "0-1"]
[WhiteElo "2609"]
[BlackElo "2460"]
[TimeControl "180+1"]
[EndTime "8:30:08 PDT"]
[Termination "viktorgen2021 won by checkmate"]

1. d4 Nf6 2. Nc3 g6 3. e4 d6 4. f4 Bg7 5. Nf3 O-O 6. e5 dxe5 7. fxe5 Nd5 8. Bc4 c6 9. O-O Bg4 10. h3 Bf5 11. Nh4 Nxc3 12. bxc3 Be4 13. Rb1 b5 14. Bb3 Bd5 15. Qe2 Bxb3 16. axb3 Nd7 17. Ba3 Nb6 18. Bc5 Nd5 19. Qf3 f6 20. exf6 Bxf6 21.
Qg3 Rf7 22. Rbe1 Qf8 23. Nf5 Kh8 24. Ne3 Nxc3 25. Ng4 Nd5 26. Re6 Qg7 27. Nxf6 Rxf6 28. Rfxf6 exf6 29. Rxc6 Re8 30. Qd6 Qh6 31. Qg3 Qc1+ 32.
Kh2 Ne3 33. Rxf6 Nf1+ 34. Rxf1 Qxf1 35. d5 Qf7 36. c4 bxc4 37. bxc4 Kg8 38. Bd4 a5 39.
Bb2 a4 40. Qc3 Qc7+ 41. Kh1 Re7 42. Qh8+ Kf7 43. Qxh7+ Kf8 44. Qh8+ Kf7 45. Qf6+ Ke8 46. Qxg6+ Kd7 47. Qf5+ Ke8 48. Qh5+ Kd7 49. Qg4+ Ke8 50. Qg6+ Kd7 51. Qf5+ Ke8 52. Qf1 Qg3 53. Bc3 Qxc3 54. Qf5 Re1+ 55. Kh2 Qe5+ 56. Qxe5+ Rxe5 57. g4 a3 58. h4 a2 59. h5 a1=Q 60. h6 Re2+ 61. Kg3 Qg1+ 62. Kh4 Re5 63. g5 Qxg5+ 64. Kh3 Re3+ 65.
Kh2 Qf4+ 66. Kg2 Rg3+ 67. Kh2 Qh4# 0-1

[Event "Early-Titled-Tuesday-Blitz-April-23-2024"]
[Site "Chess.com"]
[Date "2024.04.23"]
[Round "3"]
[White "a_kandil"]
[Black "Moultino06"]
[Result "1-0"]
[WhiteElo "2520"]
[BlackElo "2750"]
[TimeControl "180+1"]
[EndTime "8:30:09 PDT"]
[Termination "a_kandil won on time"]

1. e4 c6 2. d4 d5 3. exd5 cxd5 4. c4 Nf6 5. Nc3 Nc6 6. Bg5 Be6 7. a3 g6 8. Bxf6 exf6 9. cxd5 Bxd5 10. Qe2+ Be7 11. Qb5 Be6 12. d5 a6 13. Qe2 Nd4 14. Qe4 Nb3 15.
Rd1 Nc5 16. Qe2 Bf5 17. d6 Be6 18.
dxe7 Qxe7 19. Nd5 Qd8 20. Nf4 Qb6 21. Nd5 Qd8 22. Qf3 Nd7 23. Nf4 O-O 24. Nxe6 fxe6 25. Bc4 Ne5 26. Bxe6+ Kh8 27. Qb3 Qe7 28. Ne2 Rfe8 29.
Bd5 Nd7 30. Bf3 Ne5 31. Rd2 Rad8 32. Rxd8 Rxd8 33. O-O Rd3 34. Qb4 Qxb4 35. axb4 Rd2 36.
Nc3 Rxb2 37. Rb1 Rc2 38. Nd5 Kg7 39. Ne3 Rc7 40. Bd5 b6 41. Kf1 a5 42. bxa5 bxa5 43. Ra1 Rc5 44. Ke2 Rb5 45. Be4 Rb2+ 46. Kf1 f5 47. Bc2 Nc6 48. Rb1 Ra2 49. Rb7+ Kh6 50. g3 Nd4 51. Bd1 Ra1 52. Kg2 Ne6 53. h4 Nc5 54.
Ra7 Ne4 55. Bf3 Nd2 56. Nd5 Nxf3 57. Kxf3 a4 58. Nf6 g5 59. h5 g4+ 60. Kf4 1-0

[Event "Early-Titled-Tuesday-Blitz-April-23-2024"]
[Site "Chess.com"]
[Date "2024.04.23"]
[Round "3"]
[White "dontcatchmeifyoucant"]
[Black "Evan_Attaker"]
[Result "1/2-1/2"]
[WhiteElo "2351"]
[BlackElo "2596"]
[TimeControl "180+1"]
[EndTime "8:30:10 PDT"]
[Termination "Game drawn - insufficient material"]

1. e4 c5 2. Nf3 d6 3. d4 cxd4 4. Nxd4 Nf6 5. Nc3 g6 6. Be3 Bg7 7. f3 O-O 8. Qd2 Nc6 9. Bc4 Nxd4 10. Bxd4 Be6 11. Bxe6 fxe6 12. O-O-O Qa5 13. Rhe1 Nd7 14. Bxg7 Kxg7 15. e5 d5 16. Kb1 Rac8 17. Ne2 Qxd2 18. Rxd2 Kf7 19. Nd4 Nb8 20. c3 Rc4 21.
Re3 Nc6 22. b3 Rc5 23. Ne2 a5 24. Kb2 b5 25. a3 b4 26. axb4 axb4 27. cxb4 Nxb4 28.
Rc3 Rfc8 29. f4 h5 30. Rd4 Rxc3 31. Nxc3 Nc6 32. Ra4 g5 33. g3 h4 34. b4 hxg3 35. hxg3 gxf4 36. gxf4 Rb8 37. b5 d4 38. Kc2 Nxe5 39.
Rxd4 Ng6 40. Rb4 e5 41. f5 Nf4 42. b6 e6 43. fxe6+ Kxe6 44. b7 Kd6 45. Kd2 Kc6 46.
Ke3 Ne6 47. Na4 Nc7 48. Rb6+ Kd5 49. Nc3+ Kc4 50. Kd2 Kc5 51. Na4+ Kd5 52. Ke3 Ne6 53. Nc3+ Kc4 54. Rc6+ Kb3 55. Nd5 Rxb7 56. Rxe6 Rb5 57. Ke4 Kc4 58. Rxe5 Kb3 59. Ne3 Rxe5+ 60. Kxe5 1/2-1/2

[Event "Early-Titled-Tuesday-Blitz-April-23-2024"]
[Site "Chess.com"]
[Date "2024.04.23"]
[Round "3"]
[White "conformalfunction"]
[Black "wqws"]
[Result "0-1"]
[WhiteElo "2397"]
[BlackElo "2722"]
[TimeControl "180+1"]
[EndTime "8:30:11 PDT"]
[Termination "wqws won by checkmate"]

1. e4 e5 2. Nf3 Nc6 3. Nc3 Nf6 4. a3 Bc5 5. Nxe5 Nxe5 6. d4 Bd6 7. dxe5 Bxe5 8.
Qf3 d6 9. Bf4 Qe7 10. Bxe5 Qxe5 11. Qg3 O-O 12. Qxe5 dxe5 13. O-O-O Be6 14. Be2 Rfd8 15.
g3 c6 16. f4 exf4 17. gxf4 Bg4 18. Bxg4 Nxg4 19. h3 Ne3 20. Rxd8+ Rxd8 21. Rh2 Kf8 22. Re2 Nc4 23. a4 Ke7 24. b3 Nd6 25. Rg2 g6 26. h4 f5 27. e5 Ne8 28. Rd2 Rc8 29. Ne2 Ng7 30. Kb2 Ne6 31. Kc3 Rg8 32. Kc4 h6 33. Rd6 g5 34. fxg5 hxg5 35. hxg5 Rxg5 36. Nd4 Nxd4 37. Kxd4 Rg4+ 38. Kd3 Rg3+ 39. Kd4 f4 40.
Ke4 f3 41. Rf6 Rg2 42. Rxf3 Rxc2 43. Kd4 Rd2+ 44. Kc3 Rd5 45. Rh3 Ke6 46. Rh7 Rd7 47. Rh5 Kd5 48. Kb4 Re7 49. a5 b6 50. axb6 axb6 51.
Rg5 Rxe5 52. Rg6 Re4+ 53. Kc3 b5 54. Rg5+ Kd6 55. Rg6+ Kc5 56. Rg5+ Kb6 57. Kd3 Rh4 58. Kc3 Ka5 59. Rg8 Rh3+ 60. Kb2 c5 61. Ra8+ Kb4 62. Rb8 Rxb3+ 63. Ka2 Rh3 64. Ka1 Rh2 65. Rg8 c4 66. Rg3 c3 67. Kb1 Kb3 68. Rg1 b4 69. Ka1 Ka3 70. Rb1 Ra2# 0-1

[Event "Early-Titled-Tuesday-Blitz-April-23-2024"]
[Site "Chess.com"]
[Date "2024.04.23"]
[Round "3"]
[White "TheoSlade"]
[Black "PonyQueen07"]
[Result "0-1"]
[WhiteElo "2394"]
[BlackElo "2210"]
[TimeControl "180+1"]
[EndTime "8:30:12 PDT"]
[Termination "PonyQueen07 won on time"]

1. d4 Nf6 2. c4 e6 3. g3 Bb4+ 4. Nd2 b6 5. Bg2 Nc6 6. d5 exd5 7.
cxd5 Ne5 8. Nf3 Nxf3+ 9. Bxf3 d6 10. Qa4+ Bd7 11. Qxb4 O-O 12. O-O Re8 13. Nc4 Bh3 14.
Re1 Qd7 15. Bg5 Qf5 16. Bxf6 Qxf6 17. Qc3 Qg6 18. Ne3 Rac8 19. Bg2 Bxg2 20. Nxg2 Qe4 21. Ne3 c6 22. Rac1 c5 23. Qc4 Qe5 24. b3 g6 25. Qc3 Qh5 26. a4 a5 27. Kg2 Re5 28. Qd3 Rce8 29. Qb5 Rxe3 30. fxe3 Qxd5+ 31. Kg1 Rxe3 32. Rcd1 Qe5 33. Kf2 Rc3 34. Qxb6 Qe3+ 35. Kf1 Qe4 36.
Rd3 Qh1+ 37. Kf2 Qxh2+ 38. Ke3 Qxg3+ 39. Kd2 Rxd3+ 40. exd3 Qf2+ 41. Re2 Qf4+ 42. Kc2 Qd4 43. Qxa5 Qd5 44. Qd8+ Kg7 45. Rf2 Qd4 46. Rf1 Qe5 47. Qd7 Qe2+ 48. Kc3 Qxf1 49. Qxd6 Qa1+ 50. Kc4 Qc1+ 51.
Kb5 h5 52. Qe5+ Kh7 53. Qf6 Qg1 54. Qxf7+ Kh6 55. Qf8+ Kg5 56. Qe7+ Kg4 57. Qe4+ Kh3 58. Qf3+ Qg3 59. Qxg3+ Kxg3 60. a5 h4 61. a6 h3 62. a7 h2 63. a8=Q Kf2 64. Qh1 Kg3 65. Kxc5 Kh3 66. Qf3+ Kh4 67. Qg2 h1=Q 68. Qh2+ Qxh2 0-1

[Event "Early-Titled-Tuesday-Blitz-April-23-2024"]
[Site "Chess.com"]
[Date "2024.04.23"]
[Round "3"]
[White "joshdaruca"]
[Black "DrVelja"]
[Result "1-0"]
[WhiteElo "2762"]
[BlackElo "2993"]
[TimeControl "180+1"]
[EndTime "8:30:13 PDT"]
[Termination "joshdaruca won by resignation"]

1. b3 e5 2. Bb2 Nc6 3. Nf3 e4 4. Nd4 Nf6 5. c4 Bc5 6. Nf5 g6 7. Ng3 O-O 8. e3 Re8 9. Nc3 d6 10. a3 Qe7 11. Qc2 a5 12. Nd5 Nxd5 13. cxd5 Ne5 14.
Nxe4 Bf5 15. d3 Bb6 16. Qc3 f6 17. Ng3 Bd7 18. Be2 c6 19. d4 Nf7 20. h4 cxd5 21.
Bf3 Rac8 22. Qd3 Be6 23. Kd2 f5 24. Ne2 a4 25. Nf4 axb3 26. Qxb3 Ba5+ 27. Ke2 Qd8 28.
Rac1 Rc6 29. Nxe6 Rxe6 30. Bxd5 Rb6 31. Qa2 Re7 32. g3 Kf8 33. Rc2 Qd7 34. Rhc1 Nd8 35. Bc3 Bxc3 36. Rxc3 Nc6 37. Kf1 Qe8 38. Qc2 Qa8 39.
Bxc6 bxc6 40. Rxc6 Rxc6 41. Qxc6 Qxa3 42. Rc3 Qb4 43.
Kg2 Qb8 44. Qd5 Qb7 45. Qxb7 Rxb7 46. Rc8+ Ke7 47. Rh8 Kf6 48. Kf3 Re7 49. Rd8 Re6 50. Rd7 h5 51. d5 Re4 52. Rxd6+ Kf7 53. Re6 Ra4 54. e4 fxe4+ 55. Rxe4 Ra3+ 56. Kf4 Rd3 57. Ke5 Ke7 58. Rf4 Rd1 59. d6+ Rxd6 60. Rf7+ Kxf7 61. Kxd6 Kf6 62. f3 Kf5 63. Kd5 Kf6 64. g4 hxg4 65.
fxg4 Kf7 66. Ke5 g5 67. h5 Kg7 68. Kf5 Kh6 69. Kf6 Kh7 70. Kxg5 Kg7 71. h6+ Kh7 72.
Kh5 Kg8 73. g5 Kh8 74. g6 Kg8 75. Kg5 1-0

[Event "Early-Titled-Tuesday-Blitz-April-23-2024"]
[Site "Chess.com"]
[Date "2024.04.23"]
[Round "3"]
[White "Pelusiansky"]
[Black "Mops_2004"]
[Result "0-1"]
[WhiteElo "2541"]
[BlackElo "2891"]
[TimeControl "180+1"]
[EndTime "8:30:13 PDT"]
[Termination "Mops_2004 won by resignation"]

1. Nf3 g6 2. c4 Bg7 3. g3 c5 4. Bg2 Nc6 5. O-O d6 6. Nc3 Nh6 7. e4 Ng4 8. d3 O-O 9. h3 Nge5 10. Ne1 Nd4 11. Be3 Nec6 12. f4 e6 13. Kh2 Rb8 14. Nc2 b5 15. cxb5 Nxb5 16. Qd2 Qa5 17. e5 Ncd4 18.
Nxd4 Nxd4 19. exd6 Rd8 20. Qf2 Rxd6 21. Rac1 Ba6 22. Ne4 Rd5 23. b3 Bxd3 24. Rfd1 Bxe4 25. Bxe4 Rd6 26. Kh1 h5 27. Rc4 Nf5 28. Rxd6 Nxd6 29. Rxc5 Qb4 30. Bg2 Ne4 31. Bxe4 Qxe4+ 32. Kh2 Rd8 33.
Rc1 Rd3 34. Re1 Qd5 35. Re2 a5 36. Rd2 Bc3 37. Rxd3 Qxd3 38. a4 Qd5 39. h4 Qxb3 40.
Bd4 Bxd4 41. Qxd4 Qb4 42. Qd8+ Kg7 43. Qd7 Qb2+ 44. Kh3 Qb4 45. Qc6 Qd2 46. Qc7 Qd1 47.
Qe5+ Kh7 48. Qe4 Qf1+ 49. Qg2 Qxg2+ 50. Kxg2 Kg7 51. Kf3 Kf6 52. Ke4 Ke7 53. Ke5 f6+ 54. Kd4 Kd6 55. Kc4 Kc6 56. Kd4 Kb6 57. Kc4 Kc6 58.
Kd4 Kd6 59. Kc4 e5 60. Kb5 e4 61. Kxa5 e3 62. Kb6 e2 63. a5 e1=Q 64. a6 Qb4+ 0-1

[Event "Early-Titled-Tuesday-Blitz-April-23-2024"]
[Site "Chess.com"]
[Date "2024.04.23"]
[Round "3"]
[White "Aygehovit1992"]
[Black "rasmussvane"]
[Result "1-0"]
[WhiteElo "2749"]
[BlackElo "2961"]
[TimeControl "180+1"]
[EndTime "8:30:14 PDT"]
[Termination "Aygehovit1992 won on time"]

1. e4 c6 2. d4 d5 3. e5 Bf5 4. Nf3 e6 5. Be2 Ne7 6. O-O Ng6 7. Be3 Nd7 8. Nbd2 f6 9. Ne1 h5 10. f4 Qb6 11. Bxh5 O-O-O 12. g4 Rxh5 13. gxh5 Ne7 14. Rb1 fxe5 15. fxe5 Nxe5 16. Qe2 Bg4 17. Qf2 Nf5 18. Ng2 Nd7 19. c3 e5 20. b4 e4 21.
Qf4 Bh3 22. c4 Bd6 23. Qf2 Qc7 24. Bf4 e3 25. Nxe3 Nxe3 26. Bxd6 Qxd6 27. Qxe3 Bxf1 28.
Rxf1 dxc4 29. Nxc4 Qxb4 30. Qe6 Kb8 31. Rf7 Nb6 32.
Qe5+ Ka8 33. Ne3 Qb1+ 34. Kg2 Qxa2+ 35. Rf2 Qb3 36. Nf5 Nd5 37. Qxg7 Qd3 38. h6 Qe4+ 39. Kg3 Nc3 40. h7 a5 41. h8=Q Rxh8 42. Qxh8+ Ka7 43. Qe5 Qd3+ 44. Rf3 Qc2 45. Qxa5+ Kb8 46. Qxc3 Qe2 47. Qe3 Qd1 48. Qf4+ Ka7 49. Ra3+ Kb6 50. Re3 Qg1+ 51. Kh4 Qg6 52. Qg5 Qh7+ 53. Kg3 Qd7 54.
Qf4 Qd5 55. h4 Qg8+ 56. Qg5 Qb8+ 57. Re5 Qf8 58. h5 Qa3+ 59. Qe3 Qa1 60. d5+ c5 61. d6 Ka6 62. d7 Qd1 63. Re6+ b6 64. Rd6 Qxh5 65. d8=Q 1-0

[Event "Early-Titled-Tuesday-Blitz-April-23-2024"]
[Site "Chess.com"]
[Date "2024.04.23"]
[Round "3"]
[White "x-7171385435"]
[Black "StelaSfw"]
[Result "1-0"]
[WhiteElo "2138"]
[BlackElo "1700"]
[TimeControl "180+1"]
[EndTime "8:30:14 PDT"]
[Termination "x-7171385435 won by checkmate"]

1. Nf3 c5 2. g3 d6 3. Bg2 g6 4. c4 Bg7 5. O-O Nf6 6. Nc3 O-O 7. d4 Nc6 8. b3 cxd4 9. Nxd4 Nxd4 10. Qxd4 Bf5 11. Qh4 Ng4 12. Bb2 Bf6 13. Qh3 Ne3 14.
fxe3 Bxh3 15. Bxh3 a6 16. Rad1 Bxc3 17. Bxc3 Qc7 18.
Bg2 Rab8 19. Bd5 b5 20. Rf3 bxc4 21. Bxc4 a5 22. Rdf1 e6 23. a4 d5 24. Rf4 dxc4 25. Rxc4 Qe7 26. Bxa5 Rxb3 27. Bc3 Rfb8 28. Bf6 Qf8 29.
Bd4 Rb1 30. Rxb1 Rxb1+ 31. Kf2 Qh6 32. h4 Rb8 33. a5 Qf8 34. a6 Ra8 35. a7 h5 36. Rb4 Qg7 37. Bxg7 Kxg7 38. Rb7 Kf6 39. e4 Ke5 40. Rxf7 Kxe4 41. e3 Kd5 42. Kf3 e5 43. e4+ Kd6 44. Rg7 Kc5 45. Rxg6 Rxa7 46. Rg5 Rf7+ 47. Rf5 Rg7 48. Rxe5+ Kd4 49. Rd5+ Kc4 50.
Rxh5 Kd4 51. Rd5+ Kc4 52. Rd2 Kc3 53. Rd8 Rf7+ 54. Kg2 Re7 55. Rf8 Rxe4 56. Kh3 Re7 57. g4 Kd4 58. h5 Re3+ 59. Kh4 Re4 60. h6 Re7 61. g5 Rh7 62. Kh5 Ke5 63. g6 Re7 64. h7 Ke6 65. h8=Q Kd7 66. Rd8+ Ke6 67. Qf8 Rd7 68. Rxd7 Kxd7 69. g7 Kc6 70. g8=Q Kb5 71.
Qgf7 Ka4 72. Q8e7 Kb5 73. Qfe6 Ka4 74. Q7d6 Kb5 75. Qed7+ Ka5 76. Qc5+ Ka6 77. Qdc6# 1-0

[Event "Early-Titled-Tuesday-Blitz-April-23-2024"]
[Site "Chess.com"]
[Date "2024.04.23"]
[Round "3"]
[White "Bada_norovsambuu"]
[Black "ChainedDowntohell"]
[Result "0-1"]
[WhiteElo "2228"]
[BlackElo "2578"]
[TimeControl "180+1"]
[EndTime "8:30:15 PDT"]
[Termination "ChainedDowntohell won by resignation"]

1. Nf3 Nf6 2. d4 g6 3. c4 Bg7 4. g3 O-O 5. Bg2 d6 6. O-O Ne4 7. Nc3 Nxc3 8. bxc3 Nc6 9. e4 e5 10. Bg5 f6 11. Be3 Bg4 12. Qd2 Na5 13. Qd3 b6 14. h3 Be6 15. d5 Bc8 16. Nd2 Ba6 17. Rfd1 Qd7 18. Kh2 Qa4 19. Bf1 f5 20. Be2 f4 21.
gxf4 exf4 22. Bd4 Rae8 23. f3 Nb7 24. Rg1 Nc5 25. Qb1 Nb7 26. Rg2 Re7 27. Qb4 Qe8 28.
Qa3 Na5 29. Nb3 Bxc4 30. Bxc4 Nxc4 31. Qxa7 c5 32. Qa6 cxd4 33. Qxc4 dxc3 34. Nd4 Qc8 35. Nc6 Ref7 36. Rb1 Rb7 37. Qb4 Qd7 38. Qb5 Kh8 39.
a4 Rc7 40. Qxb6 Rfc8 41. a5 Rxc6 42. dxc6 Rxc6 43. Qb8+ Rc8 44. Qb3 Be5 45. a6 Ra8 46. Qb7 Qe8 47. a7 d5 48. Qxd5 Rd8 49. Rb8 Rxb8 50. axb8=Q Qxb8 51. Qd3 Kg7 52. Ra2 Kh6 53.
Qe2 Qb3 54. Qf2 Kg7 55. Ra7+ Kg8 56. Ra8+ Kg7 57. Ra7+ Kg8 58. Ra2 Qb4 59. Ra8+ Kg7 60. Qa2 Kh6 61. Qf2 Qb2 62. Qxb2 cxb2 63. h4 b1=Q 64. Kh3 Qc2 0-1

[Event "Early-Titled-Tuesday-Blitz-April-23-2024"]
[Site "Chess.com"]
[Date "2024.04.23"]
[Round "3"]
[White "maracayo"]
[Black "Anu-triz"]
[Result "1/2-1/2"]
[WhiteElo "2352"]
[BlackElo "2066"]
[TimeControl "180+1"]
[EndTime "8:30:15 PDT"]
[Termination "Game drawn by repetition"]

1. e4 e5 2. Nf3 Nc6 3. Bb5 a6 4. Ba4 Nf6 5. O-O b5 6. Bb3 Be7 7. d3 O-O 8. a4 Bb7 9. Nc3 b4 10. Nd5 a5 11. c3 bxc3 12. bxc3 Bc5 13. Bg5 Be7 14. Nxe7+ Qxe7 15. Re1 h6 16. Bh4 d6 17. d4 Rab8 18. Rb1 Ba6 19. Bd5 Rxb1 20. Qxb1 Rb8 21. Qa2 Nd8 22. h3 c5 23. Bg3 cxd4 24.
cxd4 Nxd5 25. Qxd5 Bb7 26. Qxa5 Nc6 27. Qd2 Nxd4 28. Nxd4 exd4 29. e5 dxe5 30. Rxe5 Qd7 31. Rb5 Qc6 32. f3 Rd8 33. Qb2 Ba8 34. Rb8 Rxb8 35. Qxb8+ Kh7 36. Qb5 Qxb5 37. axb5 Bb7 38. Kf2 Kg6 39. Ke2 Kf5 40. Kd3 Ke6 41. Kxd4 Kd7 42.
Kc5 Kc8 43. Be5 g6 44. h4 h5 45. Kd6 Kd8 46. Bf6+ Kc8 47. b6 Ba6 48. Ke7 Bc4 49.
g4 Kb7 50. gxh5 gxh5 51. Bd4 Bd5 52. f4 Bc4 53. Kf6 Bd5 54. Kg5 Bf3 55. f5 Kc6 56.
f6 Kb7 57. Kf4 Bd1 58. Ke5 Kc6 59. Be3 Kb7 60. Kd6 Bc2 61. Ke7 Bg6 62. Kf8 Kc6 63. Ke7 Kb7 64. Kd8 Bf5 65. Ke7 Bg6 1/2-1/2

[Event "Early-Titled-Tuesday-Blitz-April-23-2024"]
[Site "Chess.com"]
[Date "2024.04.23"]
[Round "3"]
[White "ChessSwole"]
[Black "GlennTipton"]
[Result "1/2-1/2"]
[WhiteElo "2711"]
[BlackElo "2513"]
[TimeControl "180+1"]
[EndTime "8:30:18 PDT"]
[Termination "Game drawn - insufficient material"]

1. e4 c5 2. Nf3 d6 3. d4 cxd4 4. Nxd4 Nf6 5. Nc3 g6 6. Be3 Bg7 7. f3 Nc6 8. Qd2 O-O 9. O-O-O d5 10. exd5 Nxd5 11. Nxc6 bxc6 12. Bd4 Nxc3 13. Qxc3 Bh6+ 14. Be3 Bxe3+ 15. Qxe3 Qb6 16. Re1 Be6 17. h4 Rab8 18.
b3 Rfd8 19. h5 Qxe3+ 20. Rxe3 Kg7 21. Rc3 Rd6 22. Bd3 Bf5 23. Bxf5 gxf5 24. Rh4 e5 25.
Rc5 Kf6 26. Ra4 Rb7 27. Ra6 Rc7 28. b4 Ke6 29. Rc4 f4 30. a4 f5 31. h6 c5 32. Ra5 Rdc6 33. Rcxc5 Rxc5 34. bxc5 Kd5 35. Kd2 e4 36. c6+ Ke6 37. Ra6 Kd5 38. c3 Rxc6 39.
Ra5+ Kc4 40. Rxf5 Rd6+ 41. Ke2 exf3+ 42. Kxf3 Rxh6 43. Rxf4+ Kxc3 44. g4 a5 45. Rf5 Kb4 46. Rf4+ Kb3 47. g5 Rh3+ 48. Kg4 Rh1 49. Kf5 Ra1 50.
Kf6 Rg1 51. Rf5 Kxa4 52. Kg7 Rh1 53. Rf8 Ka3 54. Rh8 a4 55. Rxh7 Rg1 56. g6 Kb2 57. Rh2+ Kc1 58. Kf7 a3 59. g7 Rf1+ 60. Ke7 Re1+ 61.
Kf8 Rf1+ 62. Kg8 Kb1 63. Kh8 Rg1 64. g8=Q Rxg8+ 65. Kxg8 a2 66. Rxa2 Kxa2 1/2-1/2